Map: Triton LE

Players

Guava

  • Race: Terran Terran
  • League: Platinum
  • Spawn Location: 5:00

pHARM - Winner!

  • Race: Zerg Zerg
  • League: Platinum
  • Spawn Location: 11:00

VOD

Have the link to the VOD?

Description

Time

  • Played on: Sept. 14, 2019, 3:05 p.m.
  • Length: 11:59
Show
View Real Time Build Order
Export as new Build Order

Guava Terran 

Build Orders: 2 Factory, Mech 

Get SALT Encoding   

  12  0:01  SCV  
  13  0:18  SCV, Supply Depot  
  14  0:27  Refinery  
  14  0:30  SCV  
  15  0:42  SCV  
  16  0:54  Barracks, SCV  
  17  1:06  SCV  
  18  1:13  Supply Depot  
  18  1:24  SCV  
  19  1:37  SCV  
  20  1:45  Factory  
  20  1:56  Supply Depot  
  20  2:00  Orbital Command  
  20  2:05  Barracks Tech Lab  
  20  2:19  Supply Depot  
  20  2:39  Marine  
  20  2:42  Factory  
  21  2:46  SCV  
  21  2:48  Command Center  
  22  2:52  Hellion  
  24  3:13  Hellion  
  24  3:14  Infernal Pre-Igniter  
  24  3:18  SCV  
  27  3:20  Refinery  
  27  3:31  SCV  
  27  3:32  Factory Reactor  
  28  3:43  Hellion  
  28  3:45  SCV  
  31  3:57  SCV  
  32  4:04  Hellion  
  32  4:09  SCV, Hellion  
  39  4:10  Hellion, Engineering Bay  
  39  4:23  SCV  
  40  4:32  Hellion  
  40  4:33  Hellion  
  40  4:35  SCV  
  40  4:37  Refinery  
  45  4:47  Supply Depot  
  45  4:54  Hellion  
  43  5:15  Siege Tank, Widow Mine x2  
  43  5:20  Armory  
  50  5:24  SCV  
  50  5:26  SCV  
  52  5:36  SCV  
  52  5:38  SCV  
  50  5:48  SCV  
  51  5:50  SCV  
  52  6:00  SCV  
  52  6:02  SCV  
  52  6:13  SCV  
  52  6:14  SCV  
  52  6:15  Factory  
  52  6:16  Refinery  
  54  6:20  Supply Depot  
  54  6:21  Terran Vehicle Weapons Level 1  
  54  6:25  SCV  
  55  6:26  SCV  
  55  6:29  Siege Tank, Armory  
  55  6:31  Hellbat  
  55  6:32  Hellbat  
  63  6:37  SCV  
  63  6:39  SCV  
  65  6:49  SCV  
  65  6:51  SCV  
  64  7:01  SCV  
  64  7:03  SCV  
  64  7:04  Thor  
  71  7:08  Factory Tech Lab  
  71  7:13  Factory  
  71  7:21  Orbital Command  
  71  7:29  Hellbat x2  
  75  7:30  Siege Tank  
  75  7:34  Terran Vehicle And Ship Armor Level 1  
  69  7:41  Command Center  
  69  7:47  Siege Tank  
  72  8:02  Hellbat x2  
  72  8:04  Factory  
  76  8:06  Factory Tech Lab  
  76  8:12  Supply Depot  
  76  8:17  Supply Depot  
  76  8:23  Hellbat  
  78  8:32  Sensor Tower  
  78  8:33  Siege Tank  
  81  8:34  Supply Depot, Missile Turret  
  77  8:56  Missile Turret  
  73  9:25  Planetary Fortress  
  73  9:34  Thor  
  73  9:35  Thor  
  73  9:37  Factory Tech Lab, Hellbat x2  
  89  9:39  Missile Turret  
  89  9:44  Missile Turret  
  89  9:56  Supply Depot  
  89  9:57  Neosteel Armor, Factory  
  89  9:59  Hellbat x2, Missile Turret  
  93  10:20  Supply Depot, Missile Turret  
  73  10:35  Sensor Tower  
  73  10:42  Supply Depot  
  67  10:44  Thor  
  67  10:47  Siege Tank  
  67  10:49  Hellbat x2  
  60  11:09  Siege Tank  
  60  11:10  Marine, Hellbat x2  
  74  11:14  Factory Tech Lab  
Show
View Real Time Build Order
Export as new Build Order

pHARM Zerg - Winner!

Build Orders: Hatch First, Roach Hydra 

Get SALT Encoding   

  12  0:05  Drone  
  13  0:13  Overlord  
  13  0:21  Drone  
  14  0:31  Drone  
  14  0:32  Drone  
  16  0:54  Hatchery  
  16  0:56  Drone  
  16  0:57  Drone  
  16  1:01  Drone  
  18  1:16  Spawning Pool  
  17  1:19  Drone  
  17  1:21  Drone  
  19  1:32  Drone  
  20  1:42  Extractor  
  19  1:48  Drone  
  20  1:56  Overlord  
  20  2:07  Queen  
  22  2:10  Queen  
  24  2:17  Drone x2  
  26  2:36  Drone  
  26  2:37  Drone  
  28  2:44  Pneumatized Carapace  
  28  2:46  Queen  
  28  2:49  Drone  
  31  2:57  Drone x4  
  35  3:10  Drone  
  35  3:12  Overlord  
  36  3:17  Hatchery  
  35  3:27  Drone  
  36  3:29  Overlord x2  
  36  3:36  Roach Warren, Evolution Chamber  
  36  3:37  Drone  
  36  3:38  Drone x4  
  36  3:39  Evolution Chamber  
  38  3:56  Drone x8  
  46  4:03  Extractor x2  
  44  4:23  Zerg Missile Weapons Level 1  
  44  4:24  Zerg Ground Armor Level 1  
  44  4:37  Drone  
  44  4:38  Drone x2  
  47  4:40  Roach  
  47  4:41  Roach x5  
  59  4:51  Lair  
  57  5:15  Queen  
  59  5:24  Drone  
  59  5:25  Drone x6  
  59  5:26  Overlord x8  
  64  5:46  Spine Crawler  
  64  5:49  Spine Crawler  
  62  5:50  Spine Crawler  
  59  6:15  Hydralisk Den  
  58  6:20  Zerg Missile Weapons Level 2, Zerg Ground Armor Level 2  
  58  6:31  Drone  
  58  6:32  Drone x15  
  74  6:42  Glial Reconstitution  
  74  6:45  Muscular Augments  
  74  6:49  Extractor  
  74  6:53  Roach x7  
  81  6:54  Roach  
  76  7:03  Roach  
  76  7:04  Roach x2  
  76  7:05  Overlord x3  
  82  7:08  Extractor  
  82  7:10  Extractor  
  80  7:19  Burrow  
  80  7:23  Drone  
  80  7:24  Drone x8  
  81  7:56  Grooved Spines  
  81  8:07  Infestation Pit  
  80  8:19  Queen  
  82  8:23  Roach  
  82  8:24  Roach x14  
  112  8:27  Hatchery  
  97  9:08  Roach  
  97  9:09  Roach x11  
  115  9:22  Roach x3  
  115  9:23  Roach x4  
  129  9:33  Hydralisk x3  
  135  9:44  Hydralisk  
  135  9:45  Hydralisk x3  
  143  9:58  Hydralisk x7  
  157  10:07  Hive  
  157  10:11  Hydralisk  
  157  10:12  Overlord x2  
  157  10:13  Overlord x7  
  123  10:44  Hydralisk  
  123  10:45  Hydralisk x12  
  123  10:46  Hydralisk x4  
  121  11:30  Roach  
  121  11:31  Roach x12  
Tags
 
Composition
MechRoach Hydra
Matchup
TvZ
Replay Pack
10.7.19
Spawn Locations
Cross Positions
Add a new tag
Caveats
  • Supply blocks, unpowered buildings, or Contaminate may cause inaccurate times.
  • Supply counts are checked every 10 seconds.